 Dungeon Crawl Stone Soup version 0.20-a0-656-g9b0dcd9 (webtiles) character file.

87 Chiseanne the Ducker (level 4, -2/23 HPs)
             Began as a Spriggan Gladiator on Feb 16, 2017.
             Slain by an orc
             ... wielding a +0 dagger
              (6 damage)
             ... on level 3 of the Dungeon.
             The game lasted 00:05:08 (2290 turns).

Chiseanne the Ducker (Spriggan Gladiator)           Turns: 2290, Time: 00:05:09

Health: -2/23      AC:  2    Str: 10    XL:     4   Next: 28%
Magic:  5/5        EV: 22    Int:  9    God:
Gold:   142        SH:  0    Dex: 18    Spells: 3/3 levels left

rFire    + . .     SeeInvis +   a - +0 long sword
rCold    . . .     Gourm    .   b - +0 robe
rNeg     . . .     Faith    .   (shield restricted)
rPois    .         Spirit   .   c - +0 hat
rElec    .         Reflect  .   (no cloak)
rCorr    .         Harm     .   (gloves unavailable)
MR       .....                  (boots unavailable)
Stlth    ++........             (no amulet)
Regen    0.1/turn               (no ring)
MPRegen  0.1/turn               i - ring of protection from fire

@: very quick
A: unfitting armour, see invisible, herbivore 3, speed 3, slow metabolism 2
a: no special abilities


You were on level 3 of the Dungeon.
You were not hungry.

You visited 1 branch of the dungeon, and saw 3 of its levels.

You collected 142 gold pieces.

Inventory:

Hand Weapons
 a - a +0 long sword (weapon)
Missiles
 d - 3 throwing nets (quivered)
 e - 46 sling bullets
 g - 72 stones
 h - 2 tomahawks
 o - 21 arrows
Armour
 b - a +0 robe (worn)
 c - a +0 hat (worn)
Jewellery
 i - a ring of protection from fire (left hand)
Potions
 l - a potion of berserk rage {unknown}
 m - a potion of curing
 n - a potion of heal wounds {unknown}
Comestibles
 f - 3 bread rations
 j - 3 royal jellies


   Skills:
 + Level 2.4 Fighting
 - Level 2.4 Long Blades
 - Level 2.0 Throwing
 * Level 6.7 Dodging


You had 3 spell levels left.
You didn't know any spells.

Dungeon Overview and Level Annotations

Branches:
Dungeon (3/15)

Altars:
Ashenzari
Cheibriados
Makhleb
Ru
Vehumet


Innate Abilities, Weirdness & Mutations

You are very small and have problems with some larger weapons.
You are too small for most types of armour.
You have supernaturally acute eyesight. (SInv)
You are a herbivore.
You cover ground extremely quickly.
You need consume almost no food.


Message History

The jackal is almost dead.
The jackal misses you.
You slash the jackal!
You kill the jackal!
You hit the frilled lizard.
You kill the frilled lizard!
You see here a frilled lizard corpse.
You hit the orc.
The orc is heavily wounded.
The orc misses you.
You riposte.
You barely miss the orc.
The orc is heavily wounded.
You completely miss the orc.
The orc is heavily wounded.
The orc hits you from afar with a trident!
* * * LOW HITPOINT WARNING * * *
The orc hits you but does no damage. x2
You closely miss the orc.
The orc is heavily wounded.
The orc hits you with a dagger.
You die...

##### ##.
##...##...
##.........
#<......... ###
#...).o.... ...
#...).$.... #$#
##..o......
#.)#####...#....
#..@ooo..$.....
#####o.####.#..
...## .# ..####
. ## #


You could see 4 orcs.

Vanquished Creatures
  3 adders (D:2)
  An ooze (D:3)
  A worm (D:2)
  2 dart slugs
  A leopard gecko (D:1)
  2 giant cockroaches
  5 goblins
  7 hobgoblins
  3 jackals
  7 kobolds
  A ball python (D:2)
  7 bats
  7 frilled lizards
  3 rats
50 creatures vanquished.

Notes
Turn   | Place    | Note
-------+----------+-------------------------------------------
     0 | D:1      | Chiseanne the Spriggan Gladiator began the quest for the Orb.
     0 | D:1      | Reached XP level 1. HP: 10/10 MP: 2/2
    25 | D:1      | You fall through a shaft!
   318 | D:1      | Reached XP level 2. HP: 15/15 MP: 3/3
   422 | D:1      | Reached skill level 5 in Dodging
  1181 | D:2      | Reached XP level 3. HP: 18/18 MP: 4/4
  1349 | D:2      | Reached skill level 6 in Dodging
  1635 | D:2      | Found a snail-covered altar of Cheibriados.
  1791 | D:2      | Found a radiant altar of Vehumet.
  1792 | D:2      | Reached XP level 4. HP: 23/23 MP: 5/5
  1798 | D:2      | Found a sacrificial altar of Ru.
  1800 | D:2      | Found a burning altar of Makhleb.
  1801 | D:2      | Found a shattered altar of Ashenzari.
  2290 | D:3      | Slain by an orc

Vault maps used:
D:1:      roderic_dead_forest, minmay_split_cup_large
D:2:      minitemple, lemuel_doored_altar, first_bread, minmay_domino_2
D:3:      marbit_many_paths, minmay_curled_crystal, corexii_shack,
          grunt_gozag_breadcrumbs

Skill      XL: |  1  2  3 |
---------------+----------+-----
Dodging        | 5 6 |  6.7
Fighting       | 2 |  2.4
Long Blades    | |  2.4
Throwing       | |  2.0

Action                   |  1- 3 |  4- 6 || total
-------------------------+-------+-------++-------
Melee: Long sword        |    92 |    51 ||   143
  Use: Scroll            |     6 |     3 ||     9
       Potion            |       |     1 ||     1
 Stab: Sleeping          |     2 |     1 ||     3
Armor: Robe              |     7 |     5 ||    12
Dodge: Dodged            |    98 |   104 ||   202
       Rpst.: Long sword |    30 |    35 ||    65
